3L
QUEBEC CITY LES BLEUS @ OAKLAND OAKS
06/17/2033
 
TOP OF THE 1ST
Quebec City Les Bleus batting - Pitching for Oakland Oaks : LHP Kevin Nogilny
Pitching: LHP Kevin Nogilny
Batting: RHB Tevin McTevin 0-0: Fly out, F3 (Popup, 34S)
Batting: LHB Jeff Simpson 0-0: Ball
1-0: Called Strike
1-1: Ball
2-1: Ball
3-1: Called Strike
3-2: Ground out 3-1 (Groundball, 34S)
Batting: RHB Kumanosuke Asano 0-0: Called Strike
0-1: Foul Ball, location: 2F
0-2: Foul Ball, location: 2F
0-2: Ball
1-2: Ball
2-2: Strikes out looking
Top of the 1st over - 0 runs, 0 hits, 0 errors, 0 left on base; Quebec City 0 - Oakland 0
BOTTOM OF THE 1ST
Oakland Oaks batting - Pitching for Quebec City Les Bleus : RHP CB Huntington
Pitching: RHP CB Huntington
Batting: RHB Alfonso Nazario 0-0: Swinging Strike
0-1: Foul Ball, location: 2F
0-2: SINGLE (Groundball, 56D)
Batting: RHB Yehonatan Chazan 0-0: Ball
1-0: Foul Ball, location: 2F
1-1: Foul Ball, location: 2F
1-2: Ball
2-2: Fly out, F8 (Flyball, 8LXD)
Batting: RHB Joseph Papasogli 0-0: Swinging Strike
0-1: Foul Ball, location: 2F
0-2: Ball
1-2: Fly out, F7 (Line Drive, 78M)
Batting: RHB Armando Rodríguez 0-0: Called Strike
0-1: Ball
1-1: Foul Ball, location: 2F
1-2: SINGLE (Line Drive, 56)
Alfonso Nazario to second
Batting: SHB Luis Luquín 0-0: Ball
1-0: Swinging Strike
1-1: Ball
2-1: Fly out, F8 (Flyball, 8RS)
Bottom of the 1st over - 0 runs, 2 hits, 0 errors, 2 left on base; Quebec City 0 - Oakland 0
TOP OF THE 2ND
Quebec City Les Bleus batting - Pitching for Oakland Oaks : LHP Kevin Nogilny
Batting: RHB Lane McCool 0-0: Ball
1-0: Called Strike
1-1: Ball
2-1: Foul Ball, location: 2F
2-2: DOUBLE (Flyball, 8LXD)
Batting: LHB Scott Janousek 0-0: Ball
1-0: Fly out, F7 (Flyball, 78M)
Batting: RHB Jack Bonner 0-0: Ground out 6-3 (Groundball, 6)
Batting: SHB Luis Manuel Flores 0-0: Ball
1-0: Swinging Strike
1-1: Foul Ball, location: 2F
1-2: Ball
2-2: Strikes out swinging
Top of the 2nd over - 0 runs, 1 hit, 0 errors, 1 left on base; Quebec City 0 - Oakland 0
BOTTOM OF THE 2ND
Oakland Oaks batting - Pitching for Quebec City Les Bleus : RHP CB Huntington
Batting: LHB Ed Berry 0-0: Called Strike
0-1: Ball
1-1: Called Strike
1-2: SINGLE (Groundball, 34S) (infield hit)
Batting: RHB José Vargas 0-0: Ball
1-0: Called Strike
1-1: Foul Ball, location: 2F
1-2: Foul Ball, location: 2F
1-2: Ball
2-2: Fly out, F8 (Flyball, 8LS)
Batting: LHB Jesús Trevino 0-0: Ball
Balk!
Ed Berry to second
1-0: Ball
2-0: Ball
3-0: Called Strike
3-1: Fly out, F9 (Line Drive, 9)
Batting: RHB Mark Finney 0-0: Ground out U3 (Groundball, 34)
Bottom of the 2nd over - 0 runs, 1 hit, 0 errors, 1 left on base; Quebec City 0 - Oakland 0
TOP OF THE 3RD
Quebec City Les Bleus batting - Pitching for Oakland Oaks : LHP Kevin Nogilny
Batting: RHB Reg Spiers 0-0: Called Strike
0-1: Ball
1-1: Ball
2-1: Ball
3-1: Foul Ball, location: 2F
3-2: Strikes out swinging
Batting: RHB Zander Bailey 0-0: Ball
1-0: Ground out 6-3 (Groundball, 6)
Batting: RHB Tevin McTevin 0-0: Ball
1-0: Ball
2-0: Foul Ball, location: 2F
2-1: Swinging Strike
2-2: Strikes out swinging
Top of the 3rd over - 0 runs, 0 hits, 0 errors, 0 left on base; Quebec City 0 - Oakland 0
BOTTOM OF THE 3RD
Oakland Oaks batting - Pitching for Quebec City Les Bleus : RHP CB Huntington
Batting: RHB Alfonso Nazario 0-0: Ball
1-0: Ball
2-0: Called Strike
2-1: Called Strike
2-2: Ball
3-2: Fly out, F7 (Flyball, 7)
Batting: RHB Yehonatan Chazan 0-0: Called Strike
0-1: Swinging Strike
0-2: Ball
1-2: Ball
2-2: Foul Ball, location: 2F
2-2: Hit by Pitch
Batting: RHB Joseph Papasogli 0-0: Called Strike
0-1: Called Strike
0-2: Foul Ball, location: 2F
0-2: Fly out, F7 (Line Drive, 78S)
Batting: RHB Armando Rodríguez 0-0: Called Strike
0-1: Foul Ball, location: 2F
0-2: Ball
1-2: Fly out, F7 (Flyball, 78S)
Bottom of the 3rd over - 0 runs, 0 hits, 0 errors, 1 left on base; Quebec City 0 - Oakland 0
TOP OF THE 4TH
Quebec City Les Bleus batting - Pitching for Oakland Oaks : LHP Kevin Nogilny
Batting: LHB Jeff Simpson 0-0: Swinging Strike
0-1: Ball
1-1: Called Strike
1-2: Strikes out swinging
Batting: RHB Kumanosuke Asano 0-0: Called Strike
0-1: Called Strike
0-2: Foul Ball, location: 2F
0-2: Ball
1-2: Ball
2-2: Ball
3-2: Foul Ball, location: 2F
3-2: Foul Ball, location: 2F
3-2: SINGLE (Groundball, 56D)
Batting: RHB Lane McCool 0-0: Ball
1-0: Called Strike
1-1: Ball
2-1: Ball
3-1: Base on Balls
Kumanosuke Asano to second
Batting: LHB Scott Janousek 0-0: Grounds into double play, 3-6-3 (Groundball, 34)
Top of the 4th over - 0 runs, 1 hit, 0 errors, 1 left on base; Quebec City 0 - Oakland 0
BOTTOM OF THE 4TH
Oakland Oaks batting - Pitching for Quebec City Les Bleus : RHP CB Huntington
Batting: SHB Luis Luquín 0-0: Ground out U3 (Groundball, 3L)
Batting: LHB Ed Berry 0-0: Ball
1-0: Foul Ball, location: 2F
1-1: Called Strike
1-2: SINGLE (Groundball, 34D)
Batting: RHB José Vargas 0-0: Ball
Wild Pitch!
Ed Berry to second
1-0: Called Strike
1-1: Foul Ball, location: 2F
1-2: Ball
2-2: Strikes out looking
Batting: LHB Jesús Trevino 0-0: Called Strike
0-1: Swinging Strike
0-2: Ball
1-2: Strikes out swinging
Bottom of the 4th over - 0 runs, 1 hit, 0 errors, 1 left on base; Quebec City 0 - Oakland 0
TOP OF THE 5TH
Quebec City Les Bleus batting - Pitching for Oakland Oaks : LHP Kevin Nogilny
Batting: RHB Jack Bonner 0-0: Ground out 6-3 (Groundball, 6)
Batting: SHB Luis Manuel Flores 0-0: Ball
1-0: Ball
2-0: Ball
3-0: Base on Balls
Batting: RHB Reg Spiers 0-0: Ball
1-0: Ball
2-0: Ball
3-0: Called Strike
3-1: Fly out, F9 (Flyball, 9)
Batting: RHB Zander Bailey 0-0: Foul Ball, location: 2F
0-1: Ball
1-1: Fielders Choice at 2nd, 6-4 (Groundball, 6)
Top of the 5th over - 0 runs, 0 hits, 0 errors, 1 left on base; Quebec City 0 - Oakland 0
BOTTOM OF THE 5TH
Oakland Oaks batting - Pitching for Quebec City Les Bleus : RHP CB Huntington
Batting: RHB Mark Finney 0-0: Ball
1-0: Ball
2-0: Ground out 4-3 (Groundball, 34)
Batting: RHB Alfonso Nazario Error on foul ball, E9
0-1: Ball
1-1: Ball
2-1: TRIPLE (Flyball, 9LD)
Batting: RHB Yehonatan Chazan 0-0: Ball
1-0: Called Strike
1-1: Fly out, F7 (Flyball, 7D)
Runner from 3rd tags up, SCORES, throw made
Batting: RHB Joseph Papasogli 0-0: SINGLE (Groundball, 6MD)
Batting: RHB Armando Rodríguez 0-0: Ball
1-0: Swinging Strike
1-1: Called Strike
1-2: Ball
2-2: Fly out, F5 (Line Drive, 56)
Bottom of the 5th over - 1 run, 2 hits, 1 error, 1 left on base; Quebec City 0 - Oakland 1
TOP OF THE 6TH
Quebec City Les Bleus batting - Pitching for Oakland Oaks : LHP Kevin Nogilny
Batting: RHB Tevin McTevin 0-0: Called Strike
0-1: Fly out, F9 (Flyball, 9)
Batting: LHB Jeff Simpson 0-0: DOUBLE (Line Drive, 8LD)
Batting: RHB Kumanosuke Asano 0-0: Ball
1-0: Ground out 5-3 (Groundball, 56S)
Jeff Simpson to third
Batting: RHB Lane McCool 0-0: Ball
1-0: Called Strike
1-1: Swinging Strike
1-2: Ball
2-2: Ground out 5-3 (Groundball, 6MS)
Top of the 6th over - 0 runs, 1 hit, 0 errors, 1 left on base; Quebec City 0 - Oakland 1
BOTTOM OF THE 6TH
Oakland Oaks batting - Pitching for Quebec City Les Bleus : RHP CB Huntington
Batting: SHB Luis Luquín 0-0: Called Strike
0-1: Ball
1-1: Called Strike
1-2: Ball
2-2: Foul Ball, location: 2F
2-2: Ground out 5-3 (Groundball, 56S)
Batting: LHB Ed Berry 0-0: Ground out 4-3 (Groundball, 4)
Batting: RHB José Vargas 0-0: Called Strike
0-1: Ball
1-1: Ball
2-1: Ball
3-1: Ground out U3 (Groundball, 34S)
Bottom of the 6th over - 0 runs, 0 hits, 0 errors, 0 left on base; Quebec City 0 - Oakland 1
TOP OF THE 7TH
Quebec City Les Bleus batting - Pitching for Oakland Oaks : LHP Kevin Nogilny
Batting: LHB Scott Janousek 0-0: Called Strike
0-1: Ball
1-1: Foul Ball, location: 2F
1-2: Ball
2-2: Strikes out looking
Batting: RHB Jack Bonner 0-0: Ground out 1-3 (Groundball, 15S)
Batting: SHB Luis Manuel Flores 0-0: Ball
1-0: Ground out 1-3 (Groundball, P)
Top of the 7th over - 0 runs, 0 hits, 0 errors, 0 left on base; Quebec City 0 - Oakland 1
BOTTOM OF THE 7TH
Oakland Oaks batting - Pitching for Quebec City Les Bleus : RHP CB Huntington
Batting: LHB Jesús Trevino 0-0: SINGLE (Flyball, 8RS)
Pinch Hitting: RHB Mike Wazowski 0-0: Ball
1-0: Grounds into double play, 6-4-3 (Groundball, 6)
Batting: RHB Alfonso Nazario 0-0: Called Strike
0-1: Foul Ball, location: 2F
0-2: Ball
1-2: SINGLE (Groundball, 6MD)
Batting: RHB Yehonatan Chazan 0-0: Called Strike
0-1: Ball
1-1: Ball
2-1: Swinging Strike
2-2: Foul Ball, location: 2F
2-2: Strikes out swinging
Bottom of the 7th over - 0 runs, 2 hits, 0 errors, 1 left on base; Quebec City 0 - Oakland 1
TOP OF THE 8TH
Quebec City Les Bleus batting - Pitching for Oakland Oaks : LHP Kevin Nogilny
Now at 3B: Brandon Cole
Now in RF: Randy Contreras
Batting: RHB Reg Spiers 0-0: Called Strike
0-1: Ground out 4-3 (Groundball, 34)
Batting: RHB Zander Bailey 0-0: Ball
1-0: Called Strike
1-1: Called Strike
1-2: Foul Ball, location: 2F
1-2: Strikes out swinging, 2-3 out at first.
Batting: RHB Tevin McTevin 0-0: Ball
1-0: Ball
2-0: Called Strike
2-1: Swinging Strike
2-2: Foul Ball, location: 2F
2-2: Strikes out swinging
Top of the 8th over - 0 runs, 0 hits, 0 errors, 0 left on base; Quebec City 0 - Oakland 1
BOTTOM OF THE 8TH
Oakland Oaks batting - Pitching for Quebec City Les Bleus : RHP CB Huntington
Batting: RHB Joseph Papasogli 0-0: Swinging Strike
0-1: Ball
1-1: Hit by Pitch
Batting: RHB Armando Rodríguez 0-0: SINGLE (Flyball, 8LS)
Joseph Papasogli to second
Batting: SHB Luis Luquín 0-0: Ball
1-0: Ball
2-0: Ball
3-0: Base on Balls
Joseph Papasogli to third
Armando Rodríguez to second
Batting: LHB Ed Berry 0-0: Ball
1-0: Grounds into fielders choice 6-2 (Groundball, 6)
Armando Rodríguez to third
Luis Luquín to second
Pitching: RHP Carlos Garza
Batting: RHB José Vargas 0-0: Called Strike
0-1: SINGLE (Groundball, 4M)
Armando Rodríguez scores
Luis Luquín to third
Ed Berry to second
Runner from 3rd tries for Home, SAFE, no throw
Batting: LHB Jesús Trevino 0-0: Called Strike
0-1: Ball
1-1: Fly out, F4 (Line Drive, 4M)
Batting: RHB Brandon Cole 0-0: Ball
1-0: Called Strike
1-1: Ball
2-1: Foul Ball, location: 2F
2-2: DOUBLE (Groundball, 5L)
Ed Berry scores
José Vargas to third
Batting: RHB Alfonso Nazario 0-0: Swinging Strike
0-1: Fly out, F5 (Popup, 5F)
Bottom of the 8th over - 3 runs, 3 hits, 0 errors, 2 left on base; Quebec City 0 - Oakland 4
TOP OF THE 9TH
Quebec City Les Bleus batting - Pitching for Oakland Oaks : LHP Kevin Nogilny
Pitching: RHP Dave Stephenson
Batting: LHB Jeff Simpson 0-0: Foul Ball, location: 2F
0-1: Fly out, F8 (Flyball, 8RXD)
Batting: RHB Kumanosuke Asano 0-0: Called Strike
0-1: Foul Ball, location: 2F
0-2: Foul Ball, location: 2F
0-2: SINGLE (Groundball, 56D)
Batting: RHB Lane McCool 0-0: Ball
1-0: Called Strike
1-1: Ball
2-1: Fly out, F3 (Popup, 3SF)
Batting: LHB Scott Janousek 0-0: Ball
1-0: DOUBLE (Groundball, 3L)
Kumanosuke Asano to third
Pitching: LHP Augusto Vélez
Batting: RHB Jack Bonner 0-0: Ball
1-0: Ball
2-0: Ball
3-0: Called Strike
3-1: Called Strike
3-2: Foul Ball, location: 2F
3-2: Foul Ball, location: 2F
3-2: Strikes out swinging
Top of the 9th over - 0 runs, 2 hits, 0 errors, 2 left on base; Quebec City 0 - Oakland 4
Saturday, December 22nd, 2018 - OOTP Baseball 18.8 Build 76